 Dungeon Crawl Stone Soup version 0.19.1 (webtiles) character file.

1731 Crag the Skirmisher (level 9, -14/85 HPs)
             Began as a Naga Venom Mage on Dec 8, 2016.
             Was an Initiate of Cheibriados.
             Demolished by ohados's ghost (20 damage)
             ... on level 6 of the Dungeon.
             The game lasted 00:32:08 (9017 turns).

Crag the Skirmisher (Naga Venom Mage)               Turns: 9017, Time: 00:32:08

Health: -14/85     AC:  4    Str: 14    XL:     9   Next: 5%
Magic:  15/15      EV: 13    Int: 16    God:    Cheibriados [......]
Gold:   206        SH:  0    Dex: 14    Spells: 2 memorised, 13 levels left

rFire  . . .     SeeInvis +       - Unarmed
rCold  + . .     Gourm    .     i - +0 robe {rC+}
rNeg   . . .     Faith    .     (no shield)
rPois  +         Spirit   .     (no helmet)
rElec  .         Reflect  .     (no cloak)
rCorr  .         Harm     .     (no gloves)
MR     +....                    (no barding)
Stlth  ++........               (no amulet)
                                (no ring)
                                y - +3 ring of evasion

@: very slow
A: see invisible, deformed body, poison resistance, slowness 2, slow metabolism
1, spit poison 1, AC +3
a: Spit Poison, Bend Time, Renounce Religion


You were on level 6 of the Dungeon.
You worshipped Cheibriados.
Cheibriados was noncommittal.
You were not hungry.

You visited 1 branch of the dungeon, and saw 6 of its levels.

You collected 206 gold pieces.

Inventory:

Armour
 a - a +0 robe
 i - a +0 robe of cold resistance (worn)
 s - a +1 scale mail of cold resistance
Jewellery
 y - a +3 ring of evasion (left hand)
Wands
 k - a wand of flame (15/48)
Scrolls
 e - 3 scrolls of identify
 f - 2 scrolls of amnesia
 h - 3 scrolls of remove curse
 j - a scroll of recharging
 l - 4 scrolls of enchant weapon
 p - a scroll of teleportation
Potions
 d - a potion of degeneration {unknown}
 q - a potion of magic
Books
 b - a Young Poisoner's Handbook

   Spells                             Type                      Level
   a - Sting                          Conjuration/Poison           1
   b - Mephitic Cloud                 Conjuration/Poison/Air       3
   c - Olgreb's Toxic Radiance        Poison                       4
   d - Alistair's Intoxication        Transmutation/Poison         5
   e - Venom Bolt                     Conjuration/Poison           5
Comestibles
 c - 3 bread rations
 g - 4 meat rations
 m - a beef jerky
 n - 5 chunks of flesh


   Skills:
 * Level 6.6 Fighting
 - Level 1.5 Dodging
 - Level 3.0 Stealth
 * Level 6.2 Unarmed Combat
 + Level 4.5 Spellcasting
 + Level 4.2 Conjurations
 - Level 5.3 Poison Magic


You had 13 spell levels left.
You knew the following spells:

 Your Spells              Type           Power        Failure   Level  Hunger
a - Sting                 Conj/Pois      ###.         2%          1    None
b - Mephitic Cloud        Conj/Pois/Air  ##......     14%         3    ###....


Dungeon Overview and Level Annotations

Branches:
Dungeon (6/15)
 Temple: D:4-7

Altars:
Cheibriados
Dithmenos
Elyvilon
Ru

Annotations:
D:6 ohados's ghost, novice OpTm


Innate Abilities, Weirdness & Mutations

You cannot wear boots.
Your serpentine skin is tough. (AC +3)
You have supernaturally acute eyesight. (SInv)
Armour fits poorly on your strangely shaped body.
Your system is resistant to poisons. (rPois)
You cover ground very slowly.
You have a slow metabolism.
You can spit poison.


Message History

You hit ohados's ghost.
Ohados's ghost is severely damaged.
Ohados's ghost hits you but does no damage.
You hit ohados's ghost.
Ohados's ghost is severely damaged.
You barely miss ohados's ghost.
Ohados's ghost is severely damaged.
Ohados's ghost hits you.
You are electrocuted!
* * * LOW HITPOINT WARNING * * *
You hit ohados's ghost.
Ohados's ghost is severely damaged.
Ohados's ghost barely misses you.
Okay, then.
Okay, then.
You hit ohados's ghost.
Ohados's ghost is severely damaged.
Ohados's ghost hits you.
* * * LOW HITPOINT WARNING * * *
You are electrocuted!
You die...

#...# #.### #...# ....
######...########..#
.......<[)......#..# ##
...................#...
.....)...............#
######...#####.#..#..##
#W..# #.#....... #@..#
#.#.##.##. #...#
#.#.##.##. ###...###
#......... #####.......#
###.#####. #.........#.#
#.#####. #.###.......#
#....... ###.##........#
######## #......)#..#..#
##.##
#.#.###.......#####.#.##


You could see ohados's ghost.

Vanquished Creatures
  Menkaure (D:4)
  A water moccasin (D:5)
  An ice beast (D:6)
  A sky beast (D:5)
  2 ogres (D:6)
  A centaur (D:6)
  A big kobold (D:4)
  A bullfrog (D:5)
  2 scorpions (D:5)
  A howler monkey (D:4)
  A crimson imp (D:4)
  4 orc priests
  3 hounds
  A jelly (D:5)
  2 orc wizards
  2 centaur skeletons
  A gnoll shaman (D:3)
  An iguana (D:5)
  Natasha (thrice) (D:4)
  2 worker ants
  Robin (D:4)
  6 gnolls
  11 adders
  A howler monkey skeleton (D:6)
  A shadow imp (D:5)
  4 oozes
  A worm (D:2)
  3 leopard geckos
  12 orcs
  2 ball pythons
  A giant cockroach (D:2)
  17 goblins
  13 hobgoblins
  13 jackals
  A quokka (D:2)
  8 bats
  8 frilled lizards
  7 kobolds
  4 leopard gecko skeletons
  A leopard gecko zombie (D:6)
  8 rats
155 creatures vanquished.

Notes
Turn   | Place    | Note
-------+----------+-------------------------------------------
     0 | D:1      | Crag the Naga Venom Mage began the quest for the Orb.
     0 | D:1      | Reached XP level 1. HP: 15/15 MP: 3/3
   329 | D:1      | Reached XP level 2. HP: 24/24 MP: 5/5
   415 | D:1      | Reached skill level 1 in Fighting
   593 | D:1      | Reached skill level 1 in Unarmed Combat
  1020 | D:1      | Reached XP level 3. HP: 31/31 MP: 6/6
  1035 | D:1      | Learned a level 3 spell: Mephitic Cloud
  1466 | D:2      | Reached skill level 1 in Conjurations
  1973 | D:2      | Reached XP level 4. HP: 39/39 MP: 5/7
  3464 | D:3      | Reached XP level 5. HP: 28/48 MP: 5/9
  3793 | D:4      | Noticed a big kobold
  3814 | D:4      | Noticed Natasha
  3859 | D:4      | HP: 2/48 [orc (2)]
  4164 | D:4      | Killed Natasha
  4533 | D:4      | Killed a big kobold
  4533 | D:4      | Reached XP level 6. HP: 9/56 MP: 6/10
  4955 | D:4      | Noticed Menkaure
  5416 | D:3      | Reached XP level 7. HP: 20/64 MP: 7/11
  5854 | D:5      | Entered Level 5 of the Dungeon
  6344 | D:5      | Found a white marble altar of Elyvilon.
  6661 | D:5      | Reached skill level 5 in Fighting
  7155 | D:5      | Reached XP level 8. HP: 67/74 MP: 13/13
  7223 | D:4      | Noticed Natasha
  7225 | D:4      | Killed Natasha
  7245 | D:4      | Noticed Robin
  7250 | D:4      | Killed Robin
  7472 | D:4      | Noticed Natasha
  7475 | D:4      | Killed Natasha
  7531 | D:4      | Reached skill level 5 in Unarmed Combat
  7583 | D:4      | Killed Menkaure
  8059 | D:4      | Found a shadowy altar of Dithmenos.
  8066 | D:4      | Found a sacrificial altar of Ru.
  8557 | D:6      | Found a snail-covered altar of Cheibriados.
  8565 | D:6      | Became a worshipper of Cheibriados the Contemplative
  8745 | D:6      | Reached XP level 9. HP: 83/85 MP: 15/15
  9000 | D:6      | Noticed ohados's ghost (novice OpTm)
  9017 | D:6      | Demolished by ohados's ghost

Skill      XL: |  1  2  3  4  5  6  7  8 |
---------------+-------------------------+-----
Fighting       | 1 2 3 4 5 6 |  6.6
Unarmed Combat | 1 2 3 4 6 |  6.2
Conjurations   | 1 2 3 4 |  4.2
Spellcasting   | 3 4 |  4.5
Dodging        | |  1.5
Stealth        | |  3.0
Poison Magic   | |  5.3

Action                   |  1- 3 |  4- 6 |  7- 9 || total
-------------------------+-------+-------+-------++-------
Melee: Unarmed           |    36 |   228 |   192 ||   456
       Punch             |       |     2 |     1 ||     3
 Cast: Sting             |    30 |    29 |    23 ||    82
       Mephitic Cloud    |       |    20 |    18 ||    38
 Abil: Spit Poison       |    36 |    54 |    33 ||   123
Evoke: Wand              |       |       |     4 ||     4
  Use: Potion            |       |     8 |       ||     8
       Scroll            |       |    11 |       ||    11
 Stab: Confused          |       |    10 |     7 ||    17
       Distracted        |       |       |     1 ||     1
  Eat: Chunk             |     5 |    13 |     9 ||    27
       Pizza             |       |     1 |       ||     1
       Bread ration      |       |       |     1 ||     1
Armor: Robe              |    14 |    43 |    16 ||    73
Dodge: Dodged            |    33 |   148 |   100 ||   281
